 Dungeon Crawl Stone Soup version 0.21.0-37-g46506fa (webtiles) character file.

1355 nikopol the Thaumaturge (level 8, -2/42 HPs)
             Began as a Deep Elf Fire Elementalist on Feb 1, 2018.
             Was an Initiate of Sif Muna.
             Shot with an arrow by a centaur (7 damage)
             ... on level 5 of the Dungeon.
             The game lasted 00:16:09 (4892 turns).

nikopol the Thaumaturge (DEFE)                      Turns: 4892, Time: 00:16:09

Health: -2/42      AC:  3    Str:  5    XL:     8   Next: 37%
Magic:  19/22      EV: 13    Int: 23    God:    Sif Muna [......]
Gold:   153        SH:  0    Dex: 15    Spells: 13/24 levels left

rFire    . . .     SeeInvis .   g - +0 dagger
rCold    . . .     Gourm    .   (no shield)
rNeg     . . .     Faith    .   m - +0 robe (curse)
rPois    .         Spirit   .   (no helmet)
rElec    .         Reflect  .   (no cloak)
rCorr    .         Harm     .   w - +0 pair of gloves
MR       .....                  (no boots)
Stlth    +++.......             (no amulet)
HPRegen  0.14/turn              (no ring)
MPRegen  0.18/turn              (no ring)

@: no status effects
A: no striking features
a: Renounce Religion


You were on level 5 of the Dungeon.
You worshipped Sif Muna.
Sif Muna was noncommittal.
You were not hungry.

You visited 2 branches of the dungeon, and saw 6 of its levels.

You collected 153 gold pieces.

Inventory:

Hand Weapons
 d - a +0 short sword
 g - a +0 dagger (weapon)
Armour
 a - a +0 robe
 m - a cursed +0 robe (worn)
 w - a +0 pair of gloves (worn)
Jewellery
 C - a cursed ring of teleportation {unknown}
Wands
 l - a wand of random effects (51)
 y - a wand of paralysis (7)
Scrolls
 f - 5 scrolls of identify {unknown}
 h - a scroll of enchant armour {unknown}
 i - a scroll of blinking {unknown}
 o - a scroll of fear {unknown}
 p - 3 scrolls of remove curse {unknown}
 t - a scroll of immolation {unknown}
 x - a scroll of teleportation {unknown}
 z - a scroll of amnesia {unknown}
Potions
 e - a potion of magic {unknown}
 j - a potion of lignification {unknown}
 k - a potion of haste {unknown}
 n - 2 potions of agility {unknown}
 q - 3 potions of heal wounds {unknown}
 r - 3 potions of mutation {unknown}
 s - 2 potions of curing {unknown}
 u - a potion of degeneration {unknown}
 v - a potion of might {unknown}
 A - a potion of brilliance {unknown}
Books
 b - a book of Flames

   Spells                             Type                      Level
   a - Flame Tongue                   Conjuration/Fire             1
   b - Throw Flame                    Conjuration/Fire             2
   c - Conjure Flame                  Conjuration/Fire             3
   d - Inner Flame                    Hexes/Fire                   3
   e - Sticky Flame                   Conjuration/Fire             4
   f - Fireball                       Conjuration/Fire             5
Comestibles
 c - 6 rations
 B - 2 chunks of flesh


   Skills:
 + Level 0.6 Fighting
 + Level 3.2 Dodging
 + Level 3.9 Stealth
 + Level 8.5 Spellcasting
 + Level 5.9 Conjurations
 + Level 6.7 Fire Magic


You had 13 spell levels left.
You knew the following spells:

 Your Spells              Type           Power        Failure   Level  Hunger
a - Flame Tongue          Conj/Fire      #####        1%          1    None
b - Throw Flame           Conj/Fire      #####.       1%          2    None
c - Conjure Flame         Conj/Fire      #####...     1%          3    None
d - Fireball              Conj/Fire      #####.....   13%         5    #####..


Dungeon Overview and Level Annotations

Branches:
Dungeon (5/15)             Temple (1/1) D:4

Altars:
Fedhas
Gozag
Kikubaaqudgha
Makhleb
Nemelex Xobeh
Okawaru
Qazlal
Ru
Sif Muna
Trog
Uskayaw
Wu Jian
Xom
Yredelemnul
Zin
The Shining One


Message History

The centaur shouts!
The centaur wields a shortbow.
The centaur shoots an arrow.
The arrow hits you!
Casting: Flame Tongue
Confirm with . or Enter, or press ? or * to list all spells.
Aiming: Flame Tongue
Press: ? - help, Shift-Dir - straight line, f/p - centaur
Aim: a centaur, wielding a shortbow (moderately wounded)
The flame tongue hits the centaur.
The centaur is heavily wounded.
The centaur shoots an arrow.
The arrow hits you!
The centaur shoots an arrow.
The arrow hits you!
* * * LOW HITPOINT WARNING * * *
Casting: Flame Tongue
Confirm with . or Enter, or press ? or * to list all spells.
Aiming: Flame Tongue
Press: ? - help, Shift-Dir - straight line, f/p - centaur
Aim: a centaur, wielding a shortbow (heavily wounded)
The flame tongue misses the centaur.
The centaur shoots an arrow.
The arrow hits you!
You die...

### #c.
#.# #.#
#.# #.#
#####@#
##...#.#
+......#
##<#.....#
#########


You could see a centaur.

Vanquished Creatures
  Pikel (D:4)
  Grinder (D:3)
  Sigmund (D:3)
  2 slaves (D:4)
  A phantom (D:4)
  An ogre (D:4)
  Blork the orc (D:4)
  Jessica (D:2)
  Natasha (thrice) (D:4)
  5 adders
  9 gnolls
  2 oozes
  An adder skeleton (D:4)
  3 worms
  4 dart slugs
  2 leopard geckos
  10 orcs
  4 giant cockroaches
  13 goblins
  3 hobgoblins
  4 jackals (D:3)
  7 kobolds
  A quokka (D:2)
  4 bats
  4 frilled lizards
  A jackal skeleton (D:4)
  6 rats
95 creatures vanquished.

Vanquished Creatures (others)
  An adder (D:4)
1 creature vanquished.

Grand Total: 96 creatures vanquished

Notes
Turn   | Place    | Note
-------+----------+-------------------------------------------
     0 | D:1      | nikopol the Deep Elf Fire Elementalist began the quest for the Orb.
     0 | D:1      | Reached XP level 1. HP: 10/10 MP: 6/6
   232 | D:1      | Reached XP level 2. HP: 15/15 MP: 5/8
   567 | D:1      | Reached XP level 3. HP: 19/19 MP: 4/9
   571 | D:1      | Learned a level 2 spell: Throw Flame
   575 | D:1      | Learned a level 3 spell: Conjure Flame
   885 | D:2      | Found a glowing golden altar of the Shining One.
  1397 | D:2      | Reached XP level 4. HP: 24/24 MP: 9/11
  1402 | D:2      | Noticed Jessica
  1405 | D:2      | Killed Jessica
  1405 | D:2      | Reached skill level 4 in Spellcasting
  1966 | D:3      | Noticed Sigmund
  1978 | D:3      | Killed Sigmund
  1978 | D:3      | Reached skill level 5 in Spellcasting
  1978 | D:3      | Reached skill level 5 in Fire Magic
  1978 | D:3      | Reached XP level 5. HP: 18/28 MP: 4/14
  1985 | D:3      | Learned a level 5 spell: Fireball
  2256 | D:3      | Reached XP level 6. HP: 20/32 MP: 9/15
  3070 | D:3      | Noticed Grinder
  3117 | D:3      | Killed Grinder
  3117 | D:3      | Reached skill level 6 in Spellcasting
  3117 | D:3      | Reached XP level 7. HP: 36/36 MP: 5/18
  3690 | D:4      | Noticed Pikel
  3836 | D:4      | Killed Pikel
  3836 | D:4      | Reached skill level 8 in Spellcasting
  3836 | D:4      | Reached skill level 5 in Conjurations
  3836 | D:4      | Reached XP level 8. HP: 42/42 MP: 9/22
  3957 | D:4      | Noticed Natasha
  3961 | D:4      | Killed Natasha
  4042 | D:4      | Found a staircase to the Ecumenical Temple.
  4055 | Temple   | Entered the Ecumenical Temple
  4341 | Temple   | Became a worshipper of Sif Muna the Loreminder
  4490 | D:4      | Noticed Natasha
  4496 | D:4      | Killed Natasha
  4597 | D:4      | Noticed Blork the orc
  4604 | D:4      | Killed Blork the orc
  4695 | D:4      | Noticed Natasha
  4701 | D:4      | Killed Natasha
  4744 | D:4      | Found a sacrificial altar of Ru.
  4750 | D:4      | Found an iron altar of Okawaru.
  4753 | D:4      | Found an ancient bone altar of Kikubaaqudgha.
  4884 | D:5      | Entered Level 5 of the Dungeon
  4892 | D:5      | Shot with an arrow by a centaur

Skill      XL: |  1  2  3  4  5  6  7 |
---------------+----------------------+-----
Fire Magic     | 4 5 6 |  6.7
Spellcasting   | 5 6 8 |  8.5
Conjurations   | 3 4 5 |  5.9
Dodging        | 3 |  3.2
Stealth        | 3 |  3.9
Fighting       | |  0.6

Action                   |  1- 3 |  4- 6 |  7- 9 || total
-------------------------+-------+-------+-------++-------
Melee: Dagger            |     4 |       |       ||     4
 Cast: Flame Tongue      |    60 |    86 |    75 ||   221
       Throw Flame       |       |     5 |     7 ||    12
       Conjure Flame     |       |     5 |     6 ||    11
  Eat: Chunk             |     1 |     6 |     5 ||    12
Armor: Robe              |     8 |     1 |       ||     9
Dodge: Dodged            |    18 |    11 |     4 ||    33
